Zazza, neutral female human Tourist -------- ---------- ------------ |......| |........| |...........# |......| |........| |..........|#####.......| |........| ...........|# |......| |........| --|---------# |......| |.......@.# # # -------- ----------# ### # # ### # # ### # # # # # # #######`######### ##### #### ###--.--- ## -----.--.-- #----- ##|...<| ###..........| #..... ##..(`..###########|.........| |...| #|....| ###|.........| |....############------ #..........| --|-- |.........| ^ ----------- Zazza the Rambler Experience level: 1 Strength: 8 Dexterity: 13 Constitution: 13 Intelligence: 14 Wisdom: 11 Charisma: 18 Health: 0(10) Energy: 2(2) Def: 0 Gold: 1065 Moves: 1410 Dungeon seed: zF0xG0ThMPJ5ojrO Game ID: Zazza_1618559318 Your Inventory: Coins $ - 1065 gold pieces Amulets s - an uncursed amulet of reflection (being worn) Weapons a - 34 +2 darts r - a blessed +0 crossbow C - a +0 javelin F - a +0 orcish dagger Comestibles c - 3 uncursed food rations d - 2 uncursed carrots f - 2 uncursed slime molds g - an uncursed lembas wafer h - 2 uncursed eggs i - an uncursed tripe ration G - 2 uncursed lichen corpses Scrolls l - 2 blessed scrolls of magic mapping t - an uncursed scroll of genocide v - an uncursed scroll of enchant weapon w - an uncursed scroll of identify Spellbooks A - an uncursed spellbook of light Potions j - 2 uncursed potions of extra healing x - an uncursed potion of sickness z - an uncursed potion of restore ability Rings E - an uncursed +0 ring of gain constitution (on left hand) Wands B - a wand of sleep (0:6) H - a wand of light (0:12) Tools m - an expensive camera (0:32) n - an uncursed credit card q - an uncursed lock pick Gems e - an uncursed jade stone y - an uncursed worthless piece of white glass Spells and supernatural/magical abilities: Name Level Category Fail Memory W - pray for help -- divine ? -- Your skills at the end: Fighting Skills Weapon Skills dart [Basic] Spellcasting Skills Final Attributes: You were aligned. You had reflection. You are dead. Vanquished creatures: an acid blob 2 giant rats a fox a goblin 2 sewer rats 4 grid bugs 3 lichens 6 newts 20 creatures vanquished. Voluntary challenges: You never hit with a wielded weapon. You read items or engraved 4 times, starting on turn 7. You never genocided any monsters. You never polymorphed an object. You never changed form. You used no wishes. You never split a pudding. You never wrote Elbereth's name. You never violated your personal moral code. Dungeon overview: The Dungeons of Doom: levels 1 to 3 Level 1 an altar to The Lady, a sink a long staircase Level 2 stairs to The Gnomish Mines Level 3 <- You were here The Gnomish Mines: Level 3 stairs to The Dungeons of Doom History has recorded: On T:1 you entered the Dungeons of Doom to retrieve the Amulet of Yendor! On T:561 you reached level 2 of The Dungeons of Doom. On T:1078 you reached level 1 of The Gnomish Mines. On T:1112 you reached level 3 of The Dungeons of Doom. Score breakdown: Gold: 176 ( 7646 points) Experience: 1 level ( 0 points) Exploration: 3 levels ( 6.00%) ( 6060 points) Discoveries: 2 items ( 0.67%) ( 2457 points) Valuables value: (no points given unless you survive) Artifact value: 0 ( 0 points) Variety of kills: 8 monsters ( 2.10%) ( 4347 points) Turncount: 1410 turns ( 0 points) Survival: died (score multiplied by 80%) Total score: 16408 Latest messages: You displace Armand. You stop. Armand is in the way! You displace Armand. You stop. Armand is in the way! Armand misses the acid blob. You displace Armand. Armand bites the acid blob. The acid blob is killed! Armand is splashed by its acid! You displace Armand. Something is written here in the dust. You read: "ac ?e??ri?m". H - a maple wand. Something is written here in the dust. You read: "ac ?e ri?m". The door opens. You find a teleportation trap. You displace Armand. Something is written here in the dust. You read: "?? ?c r??n". You stop. Armand is in the way! You displace Armand. Click! You trigger a rolling boulder trap! You are hit by a boulder. You die... Final status: Aloha Zazza the Tourist, killed by a boulder... You died in The Dungeons of Doom on dungeon level 3 with 16408 points, and 1065 pieces of gold, after 1410 moves. You were level 1 with a maximum of 10 hit points when you died.